 Dungeon Crawl Stone Soup version 0.31-a0-1499-ge0622b2318 (webtiles) character file.

Game seed: 11508984738320806418

23 Lobster4 the Changeling (level 2, -3/31 HPs)
             Began as a Merfolk Shapeshifter on Dec 29, 2023.
             Slain by Natasha (5 damage)
             ... on level 2 of the Dungeon.
             The game lasted 00:02:49 (1339 turns).

Lobster4 the Changeling (Merfolk Shapeshifter)      Turns: 1339, Time: 00:02:49

Health: -3/31      AC: 21    Str: 14    XL:     2   Next: 95%
Magic:  2/2        EV:  2    Int:  9    God:
Gold:   69         SH:  0    Dex: 13    Spells: 1/1 levels left

rFire   . . .        j - +0 short sword
rCold   . . .        (no shield)
rNeg    . . .        a - melded +0 animal skin
rPois   +            (helmet currently unavailable)
rElec   .            (cloak currently unavailable)
rCorr   .            (gloves currently unavailable)
SInv    .            (boots currently unavailable)
Will    .....        (no amulet)
Stlth   +            (no ring)
HPRegen 0.25/turn    (no ring)
MPRegen 0.08/turn

%: no passive effects
@: tree-form, slowed, very slow
A: stationary, stasis, torment immunity, boosted hp, (nimble swimmer 2),
(mertail)
a: no special abilities


You were on level 2 of the Dungeon.
You were a tree.
You visited 1 branch of the dungeon, and saw 2 of its levels.

You collected 69 gold pieces.

Inventory:

Hand Weapons
 g - a +0 dagger
 j - a +0 short sword (weapon)
Missiles
 e - 41 stones
Armour
 a - a +0 animal skin (melded)
 k - the +0 ring mail of Silynar {Stlth+}
   (You took it off a hobgoblin on level 2 of the Dungeon)

   Stlth+:    It makes you more stealthy.
Talismans
 c - a beast talisman
 d - a flux talisman
Scrolls
 f - a scroll of blinking {unknown}
 l - a scroll of identify {unknown}
 m - a scroll of summoning {unknown}
 n - a scroll of vulnerability {unknown}
Potions
 h - a potion of heal wounds {unknown}
 i - a potion of might {unknown}


   Skills:
 + Level 1.5 Fighting
 + Level 0.8 Throwing
 + Level 0.3 Armour
 + Level 3.0 Dodging
 + Level 3.4 Unarmed Combat
 * Level 4.4 Shapeshifting


You had one spell level left.
You didn't know any spells.
Your spell library was empty.

Dungeon Overview and Level Annotations

Branches:
Dungeon (2/15)

Altars:

Annotations:
D:2 Natasha


Innate Abilities, Weirdness & Mutations

You are a tree.
Your roots penetrate the ground, keeping you stationary.
You cannot be teleported.
You are immune to unholy pain and torment.
Your maximum health is greatly increased.
Your equipment is partially melded.
((You are very nimble when in or above water. (Stealth+, EV+, Speed+++)))
((Your lower body shifts to a powerful aquatic tail in water.))


Message History

You are too injured to fight recklessly!
You barely miss Natasha.
Natasha is heavily wounded.
Natasha claws you.
* * * LOW HITPOINT WARNING * * *
You barely miss Natasha.
Natasha is heavily wounded.
Natasha stares at you and mumbles some strange words.
You feel as though you will be slow longer.
Natasha misses you.
You barely miss Natasha.
Natasha is heavily wounded.
Natasha claws you.
* * * LOW HITPOINT WARNING * * *
Your transformation has ended.
You turn into a tree.
Your +0 animal skin melds into your body.
Your roots penetrate the ground.
Natasha hisses.
Natasha claws you but does no damage. Natasha claws you!
* * * LOW HITPOINT WARNING * * *
You hit Natasha.
Natasha is severely wounded.
Natasha claws you but does no damage.
You closely miss Natasha.
Natasha is heavily wounded.
Natasha stares at you and mumbles some strange words.
You feel as though you will be slow longer.
Natasha claws you but does no damage.
You hit Natasha.
Natasha is severely wounded.
Natasha claws you but does no damage.
You hit Natasha but do no damage.
Natasha is severely wounded.
Natasha claws you but does no damage. x2
You barely miss Natasha.
Natasha is severely wounded.
Natasha claws you.
You die...
Natasha begins licking her fur clean.

.. ≈# .###≈## ......
..... #... #.. #h#
#♣# ###.## #....#
#.#..###########
#.#..#≈≈§§≈§§§≈####
# #....§..........##
#....#§≈≈≈≈§§§≈#.#.#
#..#.##############>
#....# .........#.#


You could see Natasha.

Vanquished Creatures
  5 bats (D:2)
  5 goblins
  2 hobgoblins
  A quokka (D:2)
  2 ball pythons (D:1)
  A frilled lizard (D:1)
  3 kobolds
  3 rats
22 creatures vanquished.

Notes
Turn   | Place    | Note
-------+----------+-------------------------------------------
     0 | D:1      | Lobster4 the Merfolk Shapeshifter began the quest for the
                  | Orb.
     0 | D:1      | Reached XP level 1. HP: 15/15 MP: 1/1
    94 | D:1      | Reached XP level 2. HP: 17/21 MP: 2/2
   144 | D:1      | You fall into a shaft and drop 1 floor!
  1084 | D:2      | Identified the +0 ring mail of Silynar {Stlth+}
  1321 | D:2      | Noticed Natasha
  1334 | D:2      | HP: 1/31 [Natasha (7)]
  1339 | D:2      | Slain by Natasha

Illustrated notes

Levels and vault maps discovered:
D:1:      dpeg_arrival_rooms_b, layout_rooms, st_stairs_9,
          nicolae_concentric_dashed_squares_mild
D:2:      layout_loops_corners, amcnicky_mini_rare_corridor_liquid,
          grunt_decor_cap, uniq_natasha

Skill      XL: |  1  2 |
---------------+-------+-----
Dodging        | 3 |  3.0
Fighting       | |  1.5
Throwing       | |  0.8
Armour         | |  0.3
Unarmed Combat | |  3.4
Shapeshifting  | |  4.4

Action                     || total
---------------------------++-------
  Melee: Unarmed           ||     9
         Dagger            ||    55
         Short sword       ||    33
         Punch             ||     1
    Use: Potion            ||     1
   Stab: Sleeping          ||     1
 Armour: Animal skin       ||    42
         Skin              ||     8
  Dodge: Dodged            ||    56

Table legend: (Time is in decaauts)
 A = Elapsed time spent in this place.
 B = Non-inter-level travel time spent in this place.
 C = Inter-level travel time spent in this place.
 D = Time resting spent in this place.
 E = Time spent auto-exploring this place.
 F = Levels seen in this place.
 G = Mean time per level.
                   A        B        C        D        E       F      G
               +--------+--------+--------+--------+--------+-----+--------+
         Total |   1342 |   1273 |     69 |      0 |   1056 |   2 |  671.0 |
       Dungeon |   1342 |   1273 |     69 |      0 |   1056 |   2 |  671.0 |
               +--------+--------+--------+--------+--------+-----+--------+

Top non-repeatable levels by time:
     D:2: 691 daAuts
     D:1: 651 daAuts
